 Dungeon Crawl Stone Soup version 0.31-a0-355-g57cb03d3e8 (webtiles) character file.

Game seed: 14505405229249746836

354 HallandMoats the Unbeliever (level 6, -2/51 HPs)
             Began as a Demonspawn Fighter on July 24, 2023.
             Succumbed to a killer bee's poison
             ... on level 4 of the Dungeon.
             The game lasted 00:04:20 (3240 turns).

HallandMoats the Unbeliever (Demonspawn Fighter)    Turns: 3240, Time: 00:04:20

Health: -2/51      AC: 10    Str: 16    XL:     6   Next: 35%
Magic:  10/10      EV:  8    Int: 12    God:
Gold:   113        SH:  4    Dex: 12    Spells: 5/5 levels left

rFire   . . .        a - +0 war axe
rCold   . . .        c - +0 buckler
rNeg    . . .        b - +0 scale mail
rPois   .            (no helmet)
rElec   .            (no cloak)
rCorr   .            h - +1 pair of gloves
SInv    .            (no boots)
Will    .....        (no amulet) Stlth
                     (no ring)
HPRegen 0.28/turn    (no ring)
MPRegen 0.12/turn

%: no passive effects
@: lethally poisoned (-2 -> -15)
A: icy blue scales 1, demonic guardian 1, weakness stinger 2
a: no special abilities


You were on level 4 of the Dungeon.
You visited 1 branch of the dungeon, and saw 5 of its levels.

You collected 149 gold pieces.
You spent 36 gold pieces at shops.

Inventory:

Hand Weapons
 a - a +0 war axe (weapon)
Missiles
 n - a throwing net
Armour
 b - a +0 scale mail (worn)
 c - a +0 buckler (worn)
 h - a +1 pair of gloves (worn)
Jewellery
 j - a ring of flight
Wands
 m - a wand of digging (4)
Scrolls
 f - 6 scrolls of identify {unknown}
 g - a scroll of silence {unknown}
 k - a scroll of poison {unknown}
 p - a scroll of enchant armour {unknown}
Potions
 d - a potion of might
 e - a potion of magic {unknown}
 i - a potion of lignification {unknown}
 l - 3 potions of attraction {unknown}
Miscellaneous
 o - a piece from Xom's chessboard (15/15)


   Skills:
 + Level 5.5 Fighting
 - Level 1.7 Axes
 - Level 2.6 Armour
 - Level 2.6 Shields
 + Level 5.8 Invocations


You had 5 spell levels left.
You didn't know any spells.
Your spell library contained the following spells:

 Spells                   Type           Power      Damage    Failure   Level
 Call Canine Familiar     Summ           0%         N/A       99%         3
 Portal Projectile        Hex/Tloc       0%         N/A       99%         3
 Leda's Liquefaction      Hex/Erth       0%         N/A       100%        4
 Passage of Golubria      Tloc           0%         N/A       100%        4
 Silence                  Hex/Air        0%         N/A       100%        5
 Lehudib's Crystal Spear  Conj/Erth      0%         10d2      100%        8


Dungeon Overview and Level Annotations

Branches:
Dungeon (5/15)
 Temple: D:4-7

Altars:
Dithmenos
Xom

Shops:
D:3 !![


Innate Abilities, Weirdness & Mutations

You are partially covered in icy blue scales. (AC +2)
A weak demonic guardian rushes to your aid.
You have a tail ending in a sharp stinger.


Message History

You feel sick.
The killer bee stings you but does no damage. x2
The killer bee stings you!
You barely miss the killer bee.
Your tail-slap misses the killer bee.
The killer bee is lightly wounded.
You feel sick.
The killer bee stings you but does no damage.
The killer bee stings you.
The killer bee stings you but does no damage.
You barely miss the killer bee.
The killer bee is lightly wounded.
You feel sick.
The killer bee stings you but does no damage.
The killer bee closely misses you. The killer bee barely misses you.
You miss the killer bee.
The killer bee is lightly wounded.
You feel sick.
You are no longer poisoned.
The killer bee stings you.
You are poisoned.
The killer bee poisons you! You block the killer bee's attack.
The killer bee closely misses you.
You closely miss the killer bee. You tail-slap the killer bee.
The killer bee is lightly wounded.
You feel sick. The killer bee stings you.
* * * LOW HITPOINT WARNING * * *
You are more poisoned.
The killer bee poisons you! The killer bee stings you.
* * * LOW HITPOINT WARNING * * *
The killer bee stings you.
* * * LOW HITPOINT WARNING * * *
A demonic guardian appears!
You are lethally poisoned!
The killer bee poisons you!
* * * LOW HITPOINT WARNING * * *
You feel very sick. The killer bee stings you.
* * * LOW HITPOINT WARNING * * *
You swap places.
You die...

#.# #.# #.#
.####.######
g.)f.......#
.####.####g# ##### ...#
#.# ##...##
..########.######.###.#
#............$y5@.# #.#
#.#######[(######.###.#
#.## ##...## #.# ##.##
... #.# ##### ##.. #.#
..... #..# #)# ..##
#..# #.# ...## #. #.#


You could see a killer bee (ally target) and a friendly white imp (summoned).

Vanquished Creatures
  An ogre (D:4)
  A killer bee (D:4)
  A hound (D:4)
  A gnoll bouda (D:4)
  A sleepcap (D:4)
  A gnoll (D:4)
  2 adders
  A dart slug (D:1)
  5 ball pythons
  3 bats
  6 endoplasms
  5 giant cockroaches
  5 hobgoblins
  2 quokkas
  3 frilled lizards
  4 kobolds
  9 rats
  2 butterflies (D:4)
53 creatures vanquished.

Vanquished Creatures (collateral kills)
  A killer bee (D:4)
  2 gnolls (D:4)
  A worm (D:2)
  A quokka (D:2)
  A rat (D:2)
6 creatures vanquished.

Grand Total: 59 creatures vanquished

Notes
Turn   | Place    | Note
-------+----------+-------------------------------------------
     0 | D:1      | HallandMoats the Demonspawn Fighter began the quest for the
                  | Orb.
     0 | D:1      | Reached XP level 1. HP: 18/18 MP: 1/1
   120 | D:1      | Reached skill level 1 in Invocations
   216 | D:1      | Gained mutation: You are partially covered in icy blue
                  | scales. (AC +2) [demonic ancestry]
   216 | D:1      | Reached XP level 2. HP: 24/24 MP: 3/3
   919 | D:2      | Gained mutation: A weak demonic guardian rushes to your
                  | aid. [demonic ancestry]
   919 | D:2      | Reached XP level 3. HP: 29/29 MP: 4/4
  1651 | D:3      | Found a shadowy altar of Dithmenos.
  1719 | D:3      | Found Gosedosa's Distillery.
  1773 | D:3      | Found Fiulymu's Armour Emporium.
  1814 | D:3      | Found Oduvual's Distillery.
  1820 | D:3      | Bought a potion of curing for 36 gold pieces
  2321 | D:4      | Found a shimmering altar of Xom.
  2381 | D:4      | Gained mutation: You have a small tail. [demonic ancestry]
  2381 | D:4      | Reached XP level 4. HP: 35/37 MP: 6/6
  2466 | D:4      | Reached XP level 5. HP: 13/43 MP: 6/8
  2902 | D:4      | Noticed an ogre
  2916 | D:4      | Killed an ogre
  2917 | D:4      | Reached skill level 5 in Fighting
  2917 | D:4      | Reached skill level 5 in Invocations
  2985 | D:4      | Gained mutation: You have a tail ending in a sharp stinger.
                  | [demonic ancestry]
  2985 | D:4      | Reached XP level 6. HP: 43/51 MP: 10/10
  3011 | D:5      | Entered Level 5 of the Dungeon
  3239 | D:4      | HP: 1/51 [killer bee (5)]
  3240 | D:4      | Succumbed to a killer bee's poison

Illustrated notes

Levels and vault maps discovered:
D:1:      roderic_chinese_lattice_arrival, layout_loops_cross,
          nicolae_concentric_dashed_squares_wild, kennysheep_minor_cross
D:2:      layout_basic, minmay_misc_feat_tiny, minmay_bisected
D:3:      layout_loops_cross, nicolae_overflow_hidden_temple, serial_shops,
          nicolae_shop_rolling_square, shop, shop
D:4:      layout_loops_ring, xom_butterflies
D:5:      layout_loops_ring, nemelex_dance_club_becter,
          minmay_temple_entry_arrows, serial_shops,
          nicolae_shop_just_a_little_nook

Skill      XL: |  1  2  3  4  5 |
---------------+----------------+-----
Invocations    | 1 2 3 4 5 |  5.8
Fighting       | 4 5 |  5.5
Axes           | |  1.7
Armour         | |  2.6
Shields        | |  2.6

Action                     |  1- 3 |  4- 6 || total
---------------------------+-------+-------++-------
  Melee: War axe           |   127 |    52 ||   179
         Tailslap          |       |    10 ||    10
  Evoke: Piece from Xom's  |       |     3 ||     3
    Use: Potion            |       |     4 ||     4
 Armour: Scale mail        |    73 |    29 ||   102
  Dodge: Dodged            |    60 |    45 ||   105
  Block: Buckler           |    32 |    16 ||    48

Table legend: (Time is in decaauts)
 A = Elapsed time spent in this place.
 B = Non-inter-level travel time spent in this place.
 C = Inter-level travel time spent in this place.
 D = Time resting spent in this place.
 E = Time spent auto-exploring this place.
 F = Levels seen in this place.
 G = Mean time per level.
                   A        B        C        D        E       F      G
               +--------+--------+--------+--------+--------+-----+--------+
         Total |   3321 |   3205 |    116 |    469 |   2124 |   5 |  664.2 |
       Dungeon |   3321 |   3205 |    116 |    469 |   2124 |   5 |  664.2 |
               +--------+--------+--------+--------+--------+-----+--------+

Top non-repeatable levels by time:
     D:3: 1022 daAuts
     D:1: 847 daAuts
     D:2: 782 daAuts
     D:4: 540 daAuts
     D:5: 129 daAuts
